 Dungeon Crawl Stone Soup version 0.23.0 (webtiles) character file.

Game seed: 3801673192238048487

47 Faca the Cutter (level 3, 0/26 HPs)
             Began as a Halfling Abyssal Knight on Feb 15, 2019.
             Was a Follower of Lugonu.
             Slain by an adder (1 damage)
             ... on level 2 of the Dungeon.
             The game lasted 00:03:17 (1393 turns).

Faca the Cutter (Halfling Abyssal Knight)           Turns: 1393, Time: 00:03:17

Health: 0/26       AC:  3    Str: 13    XL:     3   Next: 97%
Magic:  4/4        EV: 13    Int: 10    God:    Lugonu [*.....]
Gold:   72         SH:  0    Dex: 14    Spells: 2/2 levels left

rFire    . . .     SeeInvis .   a - +1 short sword
rCold    . . .     Gourm    .   (shield restricted)
rNeg     . . .     Faith    .   b - +0 leather armour
rPois    .         Spirit   .   (no helmet)
rElec    .         Reflect  .   (no cloak)
rCorr    .         Harm     .   (no gloves)
MR       .....                  (no boots)
Stlth    +.........             (no amulet)
HPRegen  0.08/turn              (no ring)
MPRegen  0.09/turn              (no ring)

@: no status effects
A: small, mutation resistance 1
a: Depart the Abyss, Renounce Religion


You were on level 2 of the Dungeon.
You worshipped Lugonu.
Lugonu was aware of your devotion.
You were not hungry.

You visited 1 branch of the dungeon, and saw 2 of its levels.
You visited the Abyss 1 time.

You collected 72 gold pieces.

Inventory:

Hand Weapons
 a - a +1 short sword (weapon)
Armour
 b - a +0 leather armour (worn)
Wands
 m - a wand of paralysis (9)
Scrolls
 d - a scroll of enchant weapon {unknown}
 e - a scroll of fear {unknown}
 f - a scroll of fog {unknown}
 g - a scroll of random uselessness {unknown}
 i - a scroll of identify {unknown}
 k - a scroll of enchant armour {unknown}
 l - a scroll of remove curse {unknown}
Potions
 h - a potion of berserk rage {unknown}
Comestibles
 c - a ration


   Skills:
 + Level 3.5 Fighting
 + Level 3.7 Short Blades
 - Level 2.1 Armour
 - Level 1.1 Dodging
 - Level 2.0 Invocations


You had 2 spell levels left.
You didn't know any spells.
Your spell library was empty.

Dungeon Overview and Level Annotations

Branches:
Dungeon (2/15)

Altars:
Okawaru
Trog


Innate Abilities, Weirdness & Mutations

You are small and have problems with some larger weapons.
You are somewhat resistant to further mutation.


Message History

The kobold throws a stone.
The stone hits you. The hobgoblin closely misses you.
You hit the hobgoblin.
You kill the hobgoblin!
Lugonu accepts your kill.
The kobold throws a stone.
The stone completely misses you.
You see here a rat corpse.
You butcher the rat corpse.
Things that are here:
a chunk of flesh; a rat skeleton Eat a chunk of flesh? (ye/n/q)
You eat the chunk of flesh.
This raw flesh tastes terrible.
An adder comes into view.
The adder hisses angrily.
A rat comes into view.
You closely miss the kobold.
The kobold hits you with a +0 long sword!
* * * LOW HITPOINT WARNING * * *
The adder bites you.
You die...

..# #....##.....##
..#
##.w..........# #
††#
#.............#..
..#
#............... .
..###
#............# #..
....#
##..........##...#
#)#.#
##...##.<..)..#
#)#...
#..###÷....#####
#.# ##....##
#.S@K..r..# #.#
##................
#.#
##.#..(..........
#.#
..##.#.........#
<.# .
#.#..<......# .##
..#.........# .#
## #.........# ##
###########


You could see a worm, an adder, a kobold and a rat.

Vanquished Creatures
  A worm (D:2)
  2 dart slugs
  2 goblins (D:1)
  6 hobgoblins
  4 jackals (D:2)
  7 bats
  4 frilled lizards (D:1)
  10 kobolds
  A rat (D:2)
37 creatures vanquished.

Notes
Turn   | Place    | Note
-------+----------+-------------------------------------------
     0 | Abyss:1  | Faca the Halfling Abyssal Knight began the quest for the
                  | Orb.
     0 | Abyss:1  | Reached XP level 1. HP: 15/15 MP: 2/2
    32 | D:1      | Escaped the Abyss
   104 | D:1      | Reached XP level 2. HP: 18/21 MP: 3/3
   158 | D:1      | Reached * piety under Lugonu
   522 | D:1      | Reached XP level 3. HP: 26/26 MP: 4/4
  1179 | D:2      | Found an iron altar of Okawaru.
  1179 | D:2      | Found a bloodstained altar of Trog.
  1393 | D:2      | HP: 1/26 [kobold/+0 long sword (7)]
  1393 | D:2      | Slain by an adder

Skill      XL: |  1  2 |
---------------+-------+-----
Fighting       | 3 |  3.5
Short Blades   | 3 |  3.7
Armour         | |  2.1
Dodging        | |  1.1
Invocations    | |  2.0

Action                   || total
-------------------------++-------
Melee: Short sword       ||   153
Invok: Depart the Abyss  ||     1
  Eat: Chunk             ||     2
Armor: Leather armour    ||    39
Dodge: Dodged            ||   126
